 Dungeon Crawl Stone Soup version 0.27-a0-1139-g28e009f8a6 (webtiles) character file.

Game seed: 6183318557318419508

7602 Feb132020 the Covert (level 11, 0/88 (89) HPs)
             Began as a Gnoll Delver on May 8, 2021.
             Was a High Priest of Okawaru.
             Slain by a death yak (23 damage)
             ... on level 10 of the Dungeon.
             The game lasted 00:49:33 (10896 turns).

Feb132020 the Covert (Gnoll Delver)                Turns: 10896, Time: 00:49:33

HP:   0/88 (89)     AC:  9    Str: 24    XL:     11   Next: 17%
MP:   19/20         EV: 24    Int:  3    God:    Okawaru [*****.]
Gold: 668           SH:  9    Dex: 27    Spells: 21/22 levels left

rFire    + + .     SeeInvis +   b - +11 hand axe "Beastbane" {protect, rCorr Int-3 Dex+10 SInv}
rCold    . . .     Faith    .   q - +1 buckler "Illietea" {rF+ Str+9 Int-3 Slay+3}
rNeg     . . .     Spirit   .   u - +0 leather armour
rPois    .         Reflect  .   n - +0 helmet
rElec    .         Harm     .   (no cloak)
rCorr    +         Rampage  .   w - +2 pair of gloves {Str+3}
Will     .....                  (no boots)
Stlth    +++++++...             (no amulet)
HPRegen  0.24/turn              i - ring of protection from fire
MPRegen  0.17/turn              p - ring of resist corrosion

@: about to teleport, heroic, lightly drained
A: fangs 1, strong nose, distributed training
a: Renounce Religion, Heroism, Finesse


You were on level 10 of the Dungeon.
You worshipped Okawaru.
Okawaru was extremely pleased with you.
You visited 1 branch of the dungeon, and saw 10 of its levels.

You collected 668 gold pieces.

Inventory:

Hand Weapons
 a - a +3 dagger of venom
 b - the +11 hand axe "Beastbane" (weapon) {protect, rCorr Int-3 Dex+10 SInv}
   (You found it on level 7 of the Dungeon)

   It grants its wielder temporary protection when it strikes (+7 to AC).
   It affects your intelligence (-3).
   It affects your dexterity (+10).
   It lets you see invisible.
   It protects you from acid and corrosion.
 o - a +0 short sword
Missiles
 j - 81 sling bullets
 y - 177 arrows
 A - 110 bolts
 B - 38 poisoned darts (quivered)
 C - 6 silver javelins
 G - 3 boomerangs
 J - 15 atropa-tipped darts
Armour
 l - a +0 buckler
 n - a +0 helmet (worn)
 q - the +1 buckler "Illietea" (worn) {rF+ Str+9 Int-3 Slay+3}
   (You acquired it on level 5 of the Dungeon)

   It affects your strength (+9).
   It affects your intelligence (-3).
   It affects your accuracy and damage with ranged weapons and melee attacks
   (+3).
   It protects you from fire.
 u - a +0 leather armour (worn)
 w - a +2 pair of gloves of strength (worn)
Magical Staves
 r - a staff of death
Jewellery
 i - a ring of protection from fire (left hand)
 p - a ring of resist corrosion (right hand)
 I - a ring of ice
 M - a ring of flight
Wands
 e - a wand of acid (7)
 g - a wand of digging (3)
 H - a wand of flame (24)
 L - a wand of iceblast (8)
Scrolls
 c - a scroll of fog
 d - 5 scrolls of magic mapping
 f - 2 scrolls of identify
 h - 3 scrolls of silence
 s - 2 scrolls of vulnerability
 x - 3 scrolls of teleportation
Potions
 k - 3 potions of brilliance
 m - 9 potions of curing
 t - a potion of mutation {unknown}
 v - a potion of ambrosia {unknown}
 z - a potion of attraction {unknown}
 D - a potion of haste
 E - 3 potions of heal wounds
 F - 2 potions of might
 K - a potion of berserk rage {unknown}
Miscellaneous
 N - a phial of floods


   Skills:
 + Level 9.0(14.0) Fighting
 + Level 7.6(12.6) Short Blades
 + Level 6.0(11.0) Long Blades
 + Level 6.0(11.0) Axes
 + Level 6.0(11.0) Maces & Flails
 + Level 6.0(11.0) Polearms
 + Level 6.0(11.0) Staves
 + Level 6.0(11.0) Slings
 + Level 6.0(11.0) Bows
 + Level 6.0(11.0) Crossbows
 + Level 6.0(11.0) Throwing
 + Level 6.0(11.0) Armour
 + Level 7.6(12.6) Dodging
 + Level 11.1(16.1) Stealth
 + Level 6.0(11.0) Shields
 + Level 6.0(11.0) Unarmed Combat
 + Level 6.0 Spellcasting
 + Level 5.0 Conjurations
 + Level 5.0 Hexes
 + Level 5.0 Summonings
 + Level 5.0 Necromancy
 + Level 5.0 Translocations
 + Level 5.0 Transmutations
 + Level 5.0 Fire Magic
 + Level 5.0 Ice Magic
 + Level 5.0 Air Magic
 + Level 5.0 Earth Magic
 + Level 5.0 Poison Magic
 + Level 6.6 Invocations
 + Level 6.0 Evocations


You had 21 spell levels left.
You knew the following spells:

 Your Spells              Type           Power      Damage    Failure   Level
a - Corona                Hex            3%         N/A       4%          1

Your spell library contained the following spells:

 Spells                   Type           Power      Damage    Failure   Level
 Ensorcelled Hibernation  Hex/Ice        6%         N/A       7%          2
 Confusing Touch          Hex            3%         N/A       14%         3
 Dazzling Flash           Conj/Hex       6%         N/A       14%         3
 Tukima's Dance           Hex            3%         N/A       14%         3


Dungeon Overview and Level Annotations

Branches:
Dungeon (10/15)            Temple (0/1) D:7
   Lair: D:8-11         Orc: D:9-12

Altars:
Elyvilon
Fedhas
Nemelex Xobeh
Okawaru
Qazlal
Ru
Yredelemnul
The Shining One

Shops:
D:6 ?   D:7 (   D:9 :

Annotations:
D:5 Edmund
D:10 exclusion: 2 death yaks


Innate Abilities, Weirdness & Mutations

You have very sharp teeth.
Your uncanny sense of smell can sniff out nearby items.
Your experience applies equally to all skills.


Message History

A death yak comes into view.
The death yak bellows!
You hit the death yak.
The death yak is lightly wounded.
You hit the river rat. The death yak gores you!
The river rat closely misses you. You block the death yak's attack.
The death yak snorts and paws the ground.
You closely miss the river rat.
The river rat is heavily wounded.
The river rat misses you.
You barely miss the river rat. Your bite misses the river rat.
The river rat is heavily wounded.
The river rat barely misses you.
You slash the river rat!
Your weapon exudes an aura of protection.
You kill the river rat!
Okawaru accepts your kill.
You gain the combat prowess of a mighty hero.
The death yak gores you!!
You slash the death yak!
The death yak is moderately wounded.
You block the death yak's attack.
You hit the death yak.
The death yak is moderately wounded.
You barely miss the death yak.
You bite the death yak, but do no damage.
The death yak is moderately wounded.
The death yak closely misses you.
You slash the death yak!
The death yak is heavily wounded.
The death yak gores you!
You hit the death yak but do no damage.
The death yak is heavily wounded.
The death yak gores you!!
* * * LOW HITPOINT WARNING * * *
The death yak gores you but does no damage.
As you read the scroll of teleportation, it crumbles to dust.
You feel strangely unstable. The death yak gores you!!
You die...

.. #................#
... #......######..###
....###......'....#..#
...#.........#....#..#
......†......#....#..#
....#<........#'####..#
# #............Y.....#
##..#########Y.....#
#.. ∆ #@.##### ### #.#
#..# ..# .. .#..# .#
... .#..# .# .#..# .#
.#..# .# #####.#.## .##
##.....#.# ..##
#......+.#


You could see 2 death yaks.

Vanquished Creatures
  Erolcha (D:9)
  2 two-headed ogres
  A cyclops (D:7)
  3 centaur zombies
  A torpor snail (shapeshifter) (D:7)
  A komodo dragon (D:10)
  4 yaks (D:8)
  2 steam dragons
  A water moccasin (D:6)
  2 orc warriors
  A black bear (D:6)
  A sky beast (D:7)
  An ice beast (D:5)
  A necrophage (D:5)
  2 ogres (D:6)
  4 centaurs
  2 phantoms
  2 kobold brigands
  A bullfrog (D:9)
  2 scorpions
  A gnoll sergeant (D:9)
  A wyvern zombie (D:7)
  2 water moccasin zombies
  13 killer bees
  3 wights (D:8)
  A howler monkey (D:9)
  A bullfrog zombie (D:5)
  A jelly (D:5)
  2 orc priests
  A gnoll shaman (D:4)
  A hound (D:4)
  A bullfrog skeleton (D:5)
  A hell rat (D:10)
  Ijyb (D:3)
  2 iguanas (D:4)
  10 orc wizards
  2 killer bee zombies
  Robin (D:3)
  6 gnolls
  6 adders
  A howler monkey skeleton (D:4)
  2 river rats (D:10)
  A white imp (D:6)
  An adder skeleton (D:4)
  2 worms
  A dart slug (D:3)
  37 orcs
  4 endoplasms
  A giant cockroach (D:3)
  12 goblins
  7 hobgoblins
  8 jackals
  4 ball pythons
  2 bats
  A frilled lizard (D:1)
  10 kobolds
  5 rats
191 creatures vanquished.

Vanquished Creatures (others)
  A howler monkey (D:9)
1 creature vanquished.

Grand Total: 192 creatures vanquished

Notes
Turn   | Place    | Note
-------+----------+-------------------------------------------
     0 | D:5      | Reached skill level 9 in Stealth
     0 | D:5      | Feb132020 the Gnoll Delver began the quest for the Orb.
     0 | D:5      | Reached XP level 1. HP: 23/23 MP: 1/1
    23 | D:4      | Noticed an iguana
    38 | D:4      | Noticed an iguana
    97 | D:4      | Noticed a gnoll shaman
   115 | D:4      | Noticed an orc wizard
   158 | D:4      | Noticed a phantom
   327 | D:2      | Reached XP level 2. HP: 25/29 MP: 2/2
   441 | D:1      | You fall into a shaft and drop 1 floor!
   787 | D:1      | Found a faded altar of an unknown god.
   792 | D:1      | Became a worshipper of Warmaster Okawaru
   792 | D:1      | Reached * piety under Okawaru
  1790 | D:2      | Reached XP level 3. HP: 16/35 MP: 3/3
  2097 | D:2      | Found a sparkling altar of Nemelex Xobeh.
  2187 | D:3      | Noticed Ijyb
  2476 | D:3      | Noticed Robin
  2906 | D:2      | Killed a phantom
  2907 | D:2      | Reached skill level 1 in Long Blades
  2907 | D:2      | Reached skill level 1 in Axes
  2907 | D:2      | Reached skill level 1 in Maces & Flails
  2907 | D:2      | Reached skill level 1 in Polearms
  2907 | D:2      | Reached skill level 1 in Staves
  2907 | D:2      | Reached skill level 1 in Slings
  2907 | D:2      | Reached skill level 1 in Bows
  2907 | D:2      | Reached skill level 1 in Crossbows
  2907 | D:2      | Reached skill level 1 in Throwing
  2907 | D:2      | Reached skill level 1 in Armour
  2907 | D:2      | Reached skill level 1 in Shields
  2907 | D:2      | Reached skill level 1 in Unarmed Combat
  2907 | D:2      | Reached skill level 1 in Spellcasting
  2907 | D:2      | Reached skill level 1 in Conjurations
  2907 | D:2      | Reached skill level 1 in Hexes
  2907 | D:2      | Reached skill level 1 in Summonings
  2907 | D:2      | Reached skill level 1 in Necromancy
  2907 | D:2      | Reached skill level 1 in Translocations
  2907 | D:2      | Reached skill level 1 in Transmutations
  2907 | D:2      | Reached skill level 1 in Fire Magic
  2907 | D:2      | Reached skill level 1 in Ice Magic
  2907 | D:2      | Reached skill level 1 in Air Magic
  2907 | D:2      | Reached skill level 1 in Earth Magic
  2907 | D:2      | Reached skill level 1 in Poison Magic
  2907 | D:2      | Reached skill level 1 in Invocations
  2907 | D:2      | Reached skill level 1 in Evocations
  2907 | D:2      | Reached XP level 4. HP: 32/41 MP: 3/5
  3164 | D:3      | Killed Ijyb
  3165 | D:3      | Reached XP level 5. HP: 47/47 MP: 5/7
  3372 | D:3      | Killed Robin
  4166 | D:3      | Reached XP level 6. HP: 53/53 MP: 8/8
  4658 | D:4      | Reached ** piety under Okawaru
  4659 | D:4      | Reached skill level 5 in Short Blades
  4659 | D:4      | Reached skill level 5 in Dodging
  5108 | D:4      | You fall into a shaft and drop 3 floors!
  5109 | D:7      | Found a sparkling altar of Nemelex Xobeh.
  5116 | D:7      | Reached XP level 7. HP: 60/60 MP: 10/10
  5182 | D:7      | Identified the +11 hand axe "Beastbane" {protect, rCorr
                  | Int-3 Dex+10 SInv}
  5497 | D:5      | Reached *** piety under Okawaru
  5498 | D:5      | Reached skill level 10 in Stealth
  5498 | D:5      | Reached XP level 8. HP: 54/67 MP: 10/12
  5566 | D:5      | Noticed Edmund
  5810 | D:4      | Learned a level 1 spell: Corona
  6047 | D:5      | Found a glowing golden altar of the Shining One.
  6083 | D:5      | Identified 2 scrolls of acquirement
  6083 | D:5      | Acquired a +2 pair of gloves of strength
  6089 | D:5      | Acquired the +1 buckler "Illietea" {rF+ Str+9 Int-3 Slay+3}
  6534 | D:6      | Found Ezxejad's Magic Scroll Shoppe.
  6544 | D:6      | Reached **** piety under Okawaru
  6570 | D:6      | Received a gift from Okawaru
  6602 | D:6      | Reached XP level 9. HP: 72/73 MP: 14/14
  7251 | D:7      | Found Venycria's Weapon Emporium.
  7268 | D:7      | Found a staircase to the Ecumenical Temple.
  7437 | D:7      | Noticed a two-headed ogre
  7452 | D:7      | Killed a two-headed ogre
  7452 | D:7      | Received a gift from Okawaru
  7453 | D:7      | Reached skill level 5 in Invocations
  7641 | D:7      | Found a blossoming altar of Fedhas.
  7833 | D:7      | Noticed a torpor snail
  7833 | D:7      | a snapping turtle changed into a torpor snail
  7838 | D:7      | Killed a torpor snail
  7839 | D:7      | Reached XP level 10. HP: 59/80 MP: 17/17
  7996 | D:7      | Noticed a cyclops
  8002 | D:7      | Killed a cyclops
  8002 | D:7      | Reached ***** piety under Okawaru
  8003 | D:7      | Reached skill level 5 in Long Blades
  8003 | D:7      | Reached skill level 5 in Axes
  8003 | D:7      | Reached skill level 5 in Maces & Flails
  8003 | D:7      | Reached skill level 5 in Polearms
  8003 | D:7      | Reached skill level 5 in Staves
  8003 | D:7      | Reached skill level 5 in Slings
  8003 | D:7      | Reached skill level 5 in Bows
  8003 | D:7      | Reached skill level 5 in Crossbows
  8003 | D:7      | Reached skill level 5 in Throwing
  8003 | D:7      | Reached skill level 5 in Armour
  8003 | D:7      | Reached skill level 5 in Shields
  8003 | D:7      | Reached skill level 5 in Unarmed Combat
  8003 | D:7      | Reached skill level 5 in Spellcasting
  8003 | D:7      | Reached skill level 5 in Evocations
  8475 | D:8      | Found a stormy altar of Qazlal.
  8848 | D:8      | Received a gift from Okawaru
  9349 | D:9      | Noticed Erolcha
  9351 | D:9      | Found Joraso's Book Shoppe.
  9357 | D:9      | Killed Erolcha
  9358 | D:9      | Reached skill level 11 in Stealth
  9388 | D:9      | Found a white marble altar of Elyvilon.
  9419 | D:9      | Found a basalt altar of Yredelemnul.
  9712 | D:9      | Noticed a two-headed ogre
  9727 | D:9      | Killed a two-headed ogre
  9727 | D:9      | Received a gift from Okawaru
  9728 | D:9      | Reached XP level 11. HP: 53/87 MP: 19/19
 10311 | D:10     | Entered Level 10 of the Dungeon
 10328 | D:10     | Noticed a death yak
 10328 | D:10     | Noticed a death yak
 10569 | D:10     | Found a sacrificial altar of Ru.
 10675 | D:10     | Reached skill level 5 in Conjurations
 10675 | D:10     | Reached skill level 5 in Hexes
 10675 | D:10     | Reached skill level 5 in Summonings
 10675 | D:10     | Reached skill level 5 in Necromancy
 10675 | D:10     | Reached skill level 5 in Translocations
 10675 | D:10     | Reached skill level 5 in Transmutations
 10675 | D:10     | Reached skill level 5 in Fire Magic
 10675 | D:10     | Reached skill level 5 in Ice Magic
 10675 | D:10     | Reached skill level 5 in Air Magic
 10675 | D:10     | Reached skill level 5 in Earth Magic
 10675 | D:10     | Reached skill level 5 in Poison Magic
 10874 | D:10     | Noticed a death yak
 10896 | D:10     | Slain by a death yak

Illustrated notes

Levels and vault maps discovered:
D:1:      dpeg_arrival_boxes_within_box, layout_basic,
          ebering_ecumenical_altar_petrified, minmay_misc_feat_ornament
D:2:      layout_loops_cross, basic_altar
D:3:      cheibrodos_pilgrimage, layout_basic, uniq_ijyb, uniq_robin
D:4:      layout_loops_cross, minivault_11
D:5:      layout_rooms, tso_metal_star, kennysheep_generic_room_9, uniq_edmund
D:6:      layout_basic, serial_shops, shop_fountains
D:7:      layout_cave_pools, nicolae_overflow_crystal_walls,
          general_overflow_altar, temple_fountains, serial_shops, shop_statue,
          minmay_misc_feat_doors, minmay_three_doors
D:8:      layout_cave_pods, lemuel_round_altar
D:9:      layout_basic, kennysheep_mini, amcnicky_altar_gilded, serial_shops,
          nicolae_shop_competitors_out_of_business, roderic_lattice_a,
          dk_rats_in_the_wall, uniq_erolcha
D:10:     layout_irregular_city, lemuel_round_altar, kennysheep_vampire_church,
          kennysheep_mini_moat, dpeg_lair_monsters

Skill      XL: |  1  2  3  4  5  6  7  8  9 10 11 |
---------------+----------------------------------+-----
Stealth        | 10 11 | 11.1
Long Blades    | 1 2 3 4 5 6 |  6.0
Axes           | 1 2 3 4 5 6 |  6.0
Maces & Flails | 1 2 3 4 5 6 |  6.0
Polearms       | 1 2 3 4 5 6 |  6.0
Staves         | 1 2 3 4 5 6 |  6.0
Slings         | 1 2 3 4 5 6 |  6.0
Bows           | 1 2 3 4 5 6 |  6.0
Crossbows      | 1 2 3 4 5 6 |  6.0
Throwing       | 1 2 3 4 5 6 |  6.0
Armour         | 1 2 3 4 5 6 |  6.0
Shields        | 1 2 3 4 5 6 |  6.0
Unarmed Combat | 1 2 3 4 5 6 |  6.0
Spellcasting   | 1 2 3 4 5 6 |  6.0
Conjurations   | 1 2 3 4 5 |  5.0
Hexes          | 1 2 3 4 5 |  5.0
Summonings     | 1 2 3 4 5 |  5.0
Necromancy     | 1 2 3 4 5 |  5.0
Translocations | 1 2 3 4 5 |  5.0
Transmutations | 1 2 3 4 5 |  5.0
Fire Magic     | 1 2 3 4 5 |  5.0
Ice Magic      | 1 2 3 4 5 |  5.0
Air Magic      | 1 2 3 4 5 |  5.0
Earth Magic    | 1 2 3 4 5 |  5.0
Poison Magic   | 1 2 3 4 5 |  5.0
Invocations    | 1 2 3 4 5 6 |  6.6
Evocations     | 1 2 3 4 5 6 |  6.0
Short Blades   | 5 6 7 |  7.6
Dodging        | 5 6 7 |  7.6
Fighting       | 7 8 9 |  9.0

Action                   |  1- 3 |  4- 6 |  7- 9 | 10-12 || total
-------------------------+-------+-------+-------+-------++-------
Melee: Short sword       |    99 |    81 |       |       ||   180
       Bite              |    12 |    22 |    34 |    28 ||    96
       Dagger            |       |    88 |   102 |    52 ||   242
       Hand axe          |       |       |    92 |   114 ||   206
Throw: Dart              |       |       |     9 |     6 ||    15
Invok: Heroism           |     1 |     3 |       |     2 ||     6
Evoke: Wand              |       |       |     1 |       ||     1
  Use: Potion            |     1 |     1 |       |       ||     2
       Scroll            |     2 |     5 |     6 |     6 ||    19
 Stab: Sleeping          |    13 |     3 |     5 |     4 ||    25
       Distracted        |     1 |     1 |     1 |     1 ||     4
Armor: Leather armour    |    17 |    11 |    43 |    38 ||   109
Dodge: Dodged            |    41 |    75 |   109 |   116 ||   341
Block: Buckler           |     5 |    26 |    44 |    72 ||   147

Table legend: (Time is in decaauts)
 A = Elapsed time spent in this place.
 B = Non-inter-level travel time spent in this place.
 C = Inter-level travel time spent in this place.
 D = Time resting spent in this place.
 E = Time spent auto-exploring this place.
 F = Levels seen in this place.
 G = Mean time per level.
                   A        B        C        D        E       F      G
               +--------+--------+--------+--------+--------+-----+--------+
         Total |  10769 |  10248 |    521 |     12 |   8224 |  10 | 1076.9 |
       Dungeon |  10769 |  10248 |    521 |     12 |   8224 |  10 | 1076.9 |
               +--------+--------+--------+--------+--------+-----+--------+

Top non-repeatable levels by time:
     D:4: 1528 daAuts
     D:3: 1441 daAuts
     D:1: 1358 daAuts
     D:2: 1113 daAuts
     D:7: 1109 daAuts
     D:8: 1049 daAuts
     D:6: 969 daAuts
     D:9: 964 daAuts
     D:5: 657 daAuts
    D:10: 577 daAuts
